 Dungeon Crawl Stone Soup version 0.17.1-3-g152610e (webtiles) character file.

52051 juanjsm the Unseen (level 14, -3/63 HPs)
             Began as a Spriggan Enchanter on Apr 2, 2016.
             Was a High Priest of Ashenzari.
             Killed from afar by a fire dragon (37 damage)
             ... with a blast of flame
             ... on level 8 of the Lair of Beasts on Apr 3, 2016.
             The game lasted 02:37:46 (20502 turns).

juanjsm the Unseen (Spriggan Enchanter)            Turns: 20502, Time: 02:37:46

Health: -3/63      AC:  5    Str:  8    XL:     14   Next: 25%
Magic:  34/40      EV: 28    Int: 26    God:    Ashenzari [*****.]
Gold:   1670       SH: 12    Dex: 17    Spells: 9 memorised, 2 levels left

rFire  . . .     SeeInvis +     D - +4 dagger "Morg" {pain, MR+ Int+5} (curse)
rCold  + . .     Clarity  +     s - +2 robe {rC+} (curse)
rNeg   + . .     SustAt   .     A - +3 buckler (curse)
rPois  +         Gourm    .     (helmet restricted)
rElec  +         Spirit   .     I - +0 cloak (curse)
rCorr  .         Warding  .     (gloves unavailable)
rMut   .         Stasis   +     (boots unavailable)
MR     +++..                    Q - amulet "Qaecijol" {Stasis rElec rPois Str+4}
Stlth  +++++++++.               B - ring of magical power
                                f - ring of positive energy (curse)

@: very quick, extremely resistant to hostile enchantments, incredibly stealthy
A: unfitting armour, see invisible, herbivore 3, speed 3, slow metabolism 2
a: Scrying, Transfer Knowledge, Renounce Religion


You were on level 8 of the Lair of Beasts.
You worshipped Ashenzari.
Ashenzari was extremely pleased with you.
You were hungry.

You visited 3 branches of the dungeon, and saw 19 of its levels.
You also visited: Labyrinth, Sewer and Volcano.

You collected 1670 gold pieces.

Inventory:

Hand Weapons
 a - a +6 dagger of flaming
 D - the cursed +4 dagger "Morg" (weapon) {pain, MR+ Int+5}
   (You found it in a labyrinth)

   In the hands of one skilled in necromantic magic, it inflicts extra damage on
   living creatures.
   It affects your intelligence (+5).
   It affects your resistance to hostile enchantments.
   It has a curse placed upon it.
 R - the cursed +3 short sword "Esu Hoax" {freeze, *Rage *Confuse rN+++ Dex+2}
   (You found it in a labyrinth)

   It has been specially enchanted to freeze those struck by it, causing extra
   injury to most foes and up to half again as much damage against particularly
   susceptible opponents.
   It can also slow down cold-blooded creatures.
   It affects your dexterity (+2).
   It renders you almost immune to negative energy.
   It may make you go berserk in combat.
   It may confuse you when you take damage.
   It has a curse placed upon it.
Missiles
 g - 4 throwing nets (quivered)
Armour
 s - a cursed +2 robe of cold resistance (worn)
 A - a cursed +3 buckler (worn)
 I - a cursed +0 cloak (worn)
Jewellery
 f - a cursed ring of positive energy (left hand)
 B - a ring of magical power (right hand)
 K - a +5 ring of evasion
 Q - the amulet "Qaecijol" (around neck) {Stasis rElec rPois Str+4}
   (You acquired it on level 5 of the Lair of Beasts)

   [amulet of stasis]

   It prevents you from being teleported, slowed, hasted or paralysed.
   It affects your strength (+4).
   It insulates you from electricity.
   It protects you from poison.
Wands
 G - a wand of digging (8)
 P - a wand of confusion (23)
 T - a wand of polymorph (9)
 Y - a wand of slowing (26)
Scrolls
 e - 4 scrolls of immolation
 j - 7 scrolls of magic mapping
 k - 3 scrolls of amnesia
 n - 2 scrolls of enchant weapon
 p - a scroll of curse armour
 v - a scroll of fog
 y - a scroll of blinking
 C - 2 scrolls of curse weapon
 H - 7 scrolls of teleportation
 L - 3 scrolls of remove curse
 O - a scroll of acquirement
 W - 2 scrolls of fear
Potions
 b - 3 potions of lignification
 h - 3 potions of agility
 l - 9 potions of curing
 m - 2 potions of invisibility
 o - 4 potions of haste
 q - 3 potions of heal wounds
 r - 5 potions of flight
 t - 4 potions of brilliance
 u - 7 potions of might
 w - 3 potions of magic
 z - a potion of beneficial mutation {unknown}
 E - a potion of cancellation {unknown}
 J - 2 potions of resistance {unknown}
 M - 2 potions of ambrosia
 S - 2 potions of mutation {unknown}
Books
 c - a book of Maledictions

   Spells                             Type                      Level
   a - Corona                         Hexes                        1
   b - Ensorcelled Hibernation        Hexes/Ice                    2
   c - Confuse                        Hexes                        3
   d - Tukima's Dance                 Hexes                        3
   e - Dazzling Spray                 Conjuration/Hexes            3
 i - a book of the Dragon

   Spells                             Type                      Level
   a - Flame Tongue                   Conjuration/Fire             1
   b - Cause Fear                     Hexes                        4
   c - Bolt of Fire                   Conjuration/Fire             6
   d - Dragon Form                    Transmutation                7
   e - Dragon's Call                  Summoning                    9
 x - a book of Enchantments

   Spells                             Type                      Level
   a - Cause Fear                     Hexes                        4
   b - Silence                        Hexes/Air                    5
   c - Deflect Missiles               Charms/Air                   6
   d - Haste                          Charms                       6
   e - Discord                        Hexes                        8
 F - a book of Power

   Spells                             Type                      Level
   a - Fulminant Prism                Conjuration/Hexes            4
   b - Iskenderun's Mystic Blast      Conjuration                  4
   c - Venom Bolt                     Conjuration/Poison           5
   d - Bolt of Magma                  Conjuration/Fire/Earth       5
   e - Iron Shot                      Conjuration/Earth            6
   f - Orb of Destruction             Conjuration                  7
   g - Spellforged Servitor           Conjuration/Summoning        7
 N - a book of Dreams

   Spells                             Type                      Level
   a - Ensorcelled Hibernation        Hexes/Ice                    2
   b - Phase Shift                    Translocation                5
   c - Shadow Creatures               Summoning                    5
   d - Silence                        Hexes/Air                    5
   e - Darkness                       Hexes                        6
   f - Mass Confusion                 Hexes                        6
Miscellaneous
 X - a sack of spiders
Comestibles
 d - 13 bread rations
 V - 7 fruits


   Skills:
 + Level 2.1 Fighting
 + Level 5.0(9.0) Short Blades
 + Level 10.1(12.5) Dodging
 + Level 20.0(21.9) Stealth
 + Level 7.3(10.1) Shields
 + Level 12.5 Spellcasting
 + Level 1.2 Conjurations
 + Level 12.4 Hexes
 * Level 4.9 Charms
 + Level 6.1 Ice Magic


You had 2 spell levels left.
You knew the following spells:

 Your Spells              Type           Power        Failure   Level  Hunger
a - Corona                Hex            ######.      1%          1    None
b - Ensorcelled Hibernat  Hex/Ice        ######       1%          2    None
c - Confuse               Hex            ######..     1%          3    None
d - Dazzling Spray        Conj/Hex       ######..     1%          3    None
e - Cause Fear            Hex            ######....   1%          4    None
f - Silence               Hex/Air        #####.....   10%         5    ###....
g - Darkness              Hex            ######....   3%          6    #####..
h - Deflect Missiles      Chrm/Air       ####......   99%         6    #####..
i - Haste                 Chrm           #####...     75%         6    #####..


Dungeon Overview and Level Annotations

Branches:
Dungeon (10/15)            Temple (1/1) D:4            Lair (8/8) D:10
  Swamp (0/4) Lair:6       Spider (0/4) Lair:6        Slime (0/6) Lair:8
    Orc (0/4) D:9

Altars:
Ashenzari
Cheibriados
Dithmenos
Elyvilon
Fedhas
Gozag
Kikubaaqudgha
Makhleb
Nemelex Xobeh
Okawaru
Qazlal
Ru
Sif Muna
Trog
Vehumet
Xom
Yredelemnul
Zin
The Shining One
Jiyva

Shops:
D:4 [

Annotations:
D:7 Duvessa
Lair:5 exclusion: 4 oklob plants


Innate Abilities, Weirdness & Mutations

You are tiny and cannot use many weapons and most armour.
You have supernaturally acute eyesight.
You are a herbivore.
You cover ground extremely quickly.
You need consume almost no food.


Message History

The fire dragon looks drowsy...
The fire dragon breathes flames at you. The blast of flame hits you!
You can't go up here!
Casting: Ensorcelled Hibernation
Confirm with . or Enter, or press ? or * to list all spells.
Aiming: Ensorcelled Hibernation
Press: ? - help, Shift-Dir - straight line, f/p - fire dragon
Aim: a fire dragon (catching its breath, chance to defeat MR: 37%)
The fire dragon is unaffected.
Casting: Ensorcelled Hibernation
Confirm with . or Enter, or press ? or * to list all spells.
Aiming: Confuse
Press: ? - help, Shift-Dir - straight line, f/p - fire dragon
Aim: a fire dragon (catching its breath, chance to defeat MR: 48%)
The fire dragon resists with some effort.
The fire dragon breathes flames at you. The blast of flame hits you!
Ouch! That really hurt!
You die...

*## ,{* *#P,,*
♣.≈♣♣♣.†♣♣.≈≈♣♣P #.## , #...
♣♣≈≈♣♣...♣..≈≈≈≈ ..P#* *
###P..* ♣♣≈.♣♣.♣♣♣..≈≈≈≈ ..#
,* *.....#♣♣≈≈≈♣♣♣♣ ♣♣♣P≈≈.
#### ∆, ,.....#P≈≈≈P.###
♣♣♣♣♣ ...# . ,,
,#...........# ####### #..#
,#.*,,##...........###......
...# *#..
##.....D.....(#........ .###
##.##.....@................
..##*
....P..P...................
...##
........................)..
....#
,.#.#......................
...P#,*
*##...<.................
....# #.....................
...##
##.....................
..P##**
#..^...................
..###.##
##.....................


You could see a fire dragon.

Vanquished Creatures
  8 hydras
  A minotaur (Lab)
  A catoblepas (Lair:8)
  7 death yaks
  An orc knight (Volcano)
  Pikel (D:5)
  A hill giant (D:10)
  3 griffons
  2 manticores (Lair:8)
  5 elephants
  4 gargoyles (Lab)
  2 torpor snails
  7 black mambas
  Psyche (D:9)
  5 fire drakes
  11 spiny frogs
  9 komodo dragons
  A polar bear (Lair:7)
  2 trolls
  Grinder (D:5)
  Prince Ribbit (Lair:1)
  A minotaur skeleton (Lab)
  24 blink frogs
  Sigmund (D:3)
  33 yaks
  A wyvern (Lair:8)
  3 basilisks
  22 wolves
  2 hungry ghosts
  10 hippogriffs
  A mottled dragon (Lair:8)
  2 swamp drakes (Lair:8)
  14 water moccasins
  2 black bears
  2 sky beasts
  2 phantoms (D:6)
  7 orc warriors
  5 ogres
  An ice beast (D:7)
  12 porcupines
  3 centaurs
  14 crocodiles
  3 big kobolds
  A gnoll sergeant (D:8)
  12 giant frogs
  3 scorpions
  Dowan (D:7)
  An electric eel (Lair:1)
  4 killer bees (D:7)
  9 hounds
  A giant frog zombie (D:8)
  2 centaur zombies
  2 giant frog skeletons
  4 jellies
  4 centaur skeletons
  A wasp zombie (D:10)
  2 orc priests
  A quasit (D:8)
  7 worker ants
  A hell rat (D:10)
  10 iguanas
  3 orc wizards
  12 sheep
  A hound skeleton (D:6)
  44 river rats
  10 adders
  8 gnolls
  3 shadow imps
  2 oozes
  3 worms
  5 giant geckos
  36 orcs
  12 giant cockroaches
  10 hobgoblins
  18 jackals
  17 kobolds
  5 quokkas
  7 ball pythons
  7 bats
  6 giant newts
  6 goblins
  2 quokka skeletons
  30 rats
552 creatures vanquished.

Vanquished Creatures (collateral kills)
  A fire drake (Lair:8)
  A crocodile (Lair:8)
2 creatures vanquished.

Vanquished Creatures (others)
  10 fungi
  5 plants
15 creatures vanquished.

Grand Total: 569 creatures vanquished

Notes
Turn   | Place    | Note
--------------------------------------------------------------
     0 | D:1      | juanjsm the Spriggan Enchanter began the quest for the Orb.
     0 | D:1      | Reached XP level 1. HP: 9/9 MP: 5/5
    86 | D:1      | Reached XP level 2. HP: 13/13 MP: 6/6
    90 | D:1      | Learned a level 2 spell: Ensorcelled Hibernation
   225 | D:1      | Reached skill level 5 in Stealth
   475 | D:1      | Reached XP level 3. HP: 13/16 MP: 1/8
   480 | D:1      | Learned a level 3 spell: Confuse
  1402 | D:2      | Reached XP level 4. HP: 21/21 MP: 9/9
  1407 | D:2      | Learned a level 3 spell: Dazzling Spray
  1595 | D:3      | Found a faded altar to an unknown god.
  1979 | D:3      | Noticed Sigmund
  1988 | D:3      | Killed Sigmund
  1988 | D:3      | Reached skill level 6 in Stealth
  1988 | D:3      | Reached skill level 5 in Hexes
  1988 | D:3      | Reached skill level 1 in Ice Magic
  1988 | D:3      | Reached XP level 5. HP: 17/25 MP: 1/11
  1988 | D:3      | Reached XP level 6. HP: 19/29 MP: 1/12
  2325 | D:4      | Reached skill level 7 in Stealth
  2405 | D:4      | Found a glowing drain.
  2409 | Sewer    | Entered a sewer
  3018 | Sewer    | Reached skill level 5 in Dodging
  3018 | Sewer    | Reached XP level 7. HP: 24/32 MP: 3/14
  3369 | D:4      | HP: 1/32 [orc/mace (2)]
  3375 | D:4      | Reached skill level 1 in Fighting
  3428 | D:4      | Found Tanafrecu's Antique Armour Emporium.
  3588 | D:4      | Reached skill level 8 in Stealth
  3731 | D:4      | Found a staircase to the Ecumenical Temple.
  3740 | Temple   | Entered the Ecumenical Temple
  3746 | Temple   | Became a worshipper of Ashenzari the Shackled
  3844 | D:5      | Entered Level 5 of the Dungeon
  3857 | D:5      | Noticed Grinder
  3873 | D:5      | Killed Grinder
  4245 | D:5      | Noticed Pikel
  4264 | D:5      | Killed Pikel
  4264 | D:5      | Reached skill level 9 in Stealth
  4264 | D:5      | Reached skill level 5 in Spellcasting
  4264 | D:5      | Reached XP level 8. HP: 14/37 MP: 9/17
  4684 | D:6      | Noticed a troll
  4689 | D:6      | Killed a troll
  4689 | D:6      | Reached skill level 10 in Stealth
  4755 | D:6      | Reached * piety under Ashenzari
  4944 | D:6      | Found an opulent altar of Gozag.
  5506 | D:7      | Reached skill level 1 in Shields
  5506 | D:7      | Reached XP level 9. HP: 29/41 MP: 9/19
  5537 | D:7      | Found a shadowy altar of Dithmenos.
  5554 | D:7      | Learned a level 4 spell: Cause Fear
  5640 | D:7      | Noticed Duvessa
  5640 | D:7      | Noticed Dowan
  6062 | D:7      | Found a sparkling altar of Nemelex Xobeh.
  6129 | D:7      | Reached skill level 11 in Stealth
  6395 | D:7      | Killed Dowan
  6481 | D:8      | Found an ancient bone altar of Kikubaaqudgha.
  6482 | D:8      | Found a blossoming altar of Fedhas.
  6654 | D:8      | Found an iron altar of Okawaru.
  6840 | D:8      | Found a radiant altar of Vehumet.
  6840 | D:8      | Found a snail-covered altar of Cheibriados.
  6988 | D:8      | Identified the +4 plate armour of Relativism {+Blink rF+ Int-4}
  7117 | D:8      | Found a deep blue altar of Sif Muna.
  7120 | D:8      | Found a basalt altar of Yredelemnul.
  7123 | D:8      | Found a shadowy altar of Dithmenos.
  7272 | D:9      | Noticed Psyche
  7276 | D:9      | Reached ** piety under Ashenzari
  7285 | D:9      | Reached skill level 12 in Stealth
  7349 | D:9      | Killed Psyche
  7370 | D:9      | Reached XP level 10. HP: 46/46 MP: 9/22
  7617 | D:9      | Found a burning altar of Makhleb.
  7860 | D:9      | Found a staircase to the Orcish Mines.
  8123 | D:9      | Reached skill level 13 in Stealth
  8184 | D:10     | Entered Level 10 of the Dungeon
  8335 | D:10     | Found a staircase to the Lair.
  8337 | D:10     | Noticed a death yak
  8882 | D:10     | Noticed a hill giant
  8886 | D:10     | Killed a hill giant
  8886 | D:10     | Reached skill level 14 in Stealth
  9037 | Lair:1   | Entered Level 1 of the Lair of Beasts
  9056 | Lair:1   | Reached *** piety under Ashenzari
  9140 | Lair:1   | Reached XP level 11. HP: 34/50 MP: 20/25
  9252 | Lair:1   | Noticed Prince Ribbit
  9277 | Lair:1   | Killed Prince Ribbit
  9447 | Lair:1   | Noticed a black mamba
  9453 | Lair:1   | Killed a black mamba
 10136 | Lair:2   | Reached skill level 15 in Stealth
 10552 | Lair:2   | Reached skill level 10 in Hexes
 10635 | Lair:2   | Reached skill level 5 in Shields
 10914 | Lair:2   | Reached **** piety under Ashenzari
 11333 | Lair:2   | Reached skill level 10 in Spellcasting
 11782 | Lair:3   | Noticed an eight-headed hydra
 11790 | Lair:3   | Killed an eight-headed hydra
 11845 | Lair:3   | Noticed an eight-headed hydra
 11853 | Lair:3   | Killed an eight-headed hydra
 11853 | Lair:3   | Reached skill level 16 in Stealth
 11853 | Lair:3   | Reached XP level 12. HP: 54/54 MP: 27/27
 12636 | Lair:4   | Noticed an eight-headed hydra
 12647 | Lair:4   | Killed an eight-headed hydra
 12647 | Lair:4   | Reached skill level 17 in Stealth
 12647 | Lair:4   | Reached skill level 5 in Ice Magic
 12719 | Lair:4   | Found a dark tunnel.
 12793 | Volcano  | Entered a volcano
 13411 | Lair:4   | Noticed a four-headed hydra
 13418 | Lair:4   | Killed a four-headed hydra
 14444 | Lair:5   | Noticed a five-headed hydra
 14467 | Lair:5   | Killed a five-headed hydra
 14467 | Lair:5   | Reached skill level 18 in Stealth
 14467 | Lair:5   | Reached XP level 13. HP: 56/58 MP: 24/29
 15119 | Lair:5   | Identified 2 scrolls of acquirement
 15119 | Lair:5   | Identified the cursed amulet "Qaecijol" {Stasis rElec rPois Str+4} (You acquired it on level 5 of the Lair of Beasts)
 15648 | Lair:6   | Found a hole to the Spider Nest.
 15752 | Lair:6   | Reached ***** piety under Ashenzari
 16342 | Lair:6   | Found a staircase to the Swamp.
 16668 | Lair:7   | Found a labyrinth entrance.
 16676 | Lab      | Entered a labyrinth
 18365 | Lab      | Identified the cursed +3 short sword "Esu Hoax" {freeze, *Rage *Confuse rN+++ Dex+2} (You found it in a labyrinth)
 18371 | Lab      | Learned a level 5 spell: Silence
 18378 | Lab      | Learned a level 6 spell: Darkness
 18509 | Lair:7   | Reached skill level 19 in Stealth
 19010 | Lair:8   | Entered Level 8 of the Lair of Beasts
 19012 | Lair:8   | Found a viscous altar of Jiyva.
 19038 | Lair:8   | Learned a level 6 spell: Deflect Missiles
 19045 | Lair:8   | Learned a level 6 spell: Haste
 19204 | Lair:8   | Found a staircase to the Slime Pits.
 19374 | Lair:8   | Reached skill level 1 in Charms
 19726 | Lair:8   | Reached skill level 10 in Dodging
 19758 | Lair:8   | Reached skill level 1 in Conjurations
 19814 | Lair:8   | Reached XP level 14. HP: 63/63 MP: 31/31
 20035 | Lair:8   | Reached skill level 5 in Short Blades
 20261 | Lair:8   | Identified the +7 scimitar of Fedhas's Regard {venom, SInv}
 20289 | Lair:8   | Reached skill level 20 in Stealth
 20502 | Lair:8   | Killed from afar by a fire dragon

Action                   |  1- 3 |  4- 6 |  7- 9 | 10-12 | 13-15 || total
-------------------------+-------+-------+-------+-------+-------++-------
Melee: Dagger            |    82 |   200 |   222 |   325 |   255 ||  1084
 Cast: Corona            |     3 |     1 |       |       |       ||     4
       Ensorcelled Hiber |    21 |    33 |    61 |   160 |   118 ||   393
       Confuse           |       |     4 |    21 |    45 |    44 ||   114
       Dazzling Spray    |       |     8 |    13 |    42 |    66 ||   129
       Darkness          |       |       |       |       |     1 ||     1
       Cause Fear        |       |       |       |       |     1 ||     1
Invok: Scrying           |       |       |       |     1 |    13 ||    14
  Use: Scroll            |       |     6 |    12 |     4 |    21 ||    43
       Potion            |       |       |     7 |     1 |     1 ||     9
 Stab: Sleeping          |    36 |    33 |    61 |   128 |   103 ||   361
       Invisible         |       |     2 |     3 |    20 |    17 ||    42
       Confused          |       |       |    15 |    31 |    16 ||    62
       Distracted        |       |       |     3 |     1 |       ||     4
  Eat: Bread ration      |       |     1 |       |     1 |       ||     2
       Royal jelly       |       |       |     1 |     1 |       ||     2
       Pizza             |       |       |     1 |       |     2 ||     3
